 Dungeon Crawl Stone Soup version 0.29-a0-284-gf9362112df (webtiles) character file.

Game seed: 8373735986673676741

57 pokeman the Magician (level 3, -3/20 HPs)
             Began as a Deep Elf Hedge Wizard on Mar 20, 2022.
             Slain by Natasha (8 damage)
             ... on level 2 of the Dungeon.
             The game lasted 00:02:32 (2178 turns).

pokeman the Magician (Deep Elf Hedge Wizard)        Turns: 2178, Time: 00:02:33

Health: -3/20      AC:  4    Str:  7    XL:     3   Next: 73%
Magic:  4/11       EV: 12    Int: 20    God:
Gold:   73         SH:  0    Dex: 14    Spells: 1/12 levels left

rFire   . . .      SeeInvis .   a - +0 dagger
rCold   . . .      Faith    .   (no shield)
rNeg    + . .      Spirit   .   m - +0 leather armour
rPois   .          Reflect  .   c - +0 hat
rElec   .          Harm     .   f - +0 cloak
rCorr   .          Rampage  .   (no gloves)
Will    .....                   (no boots)
Stlth   ++........              (no amulet)
HPRegen 0.06/turn               k - ring of positive energy
MPRegen 0.12/turn               (no ring)

@: slowed, very slow
A: no striking features
a: no special abilities


You were on level 2 of the Dungeon.
You visited 1 branch of the dungeon, and saw 2 of its levels.

You collected 73 gold pieces.

Inventory:

Hand Weapons
 a - a +0 dagger (weapon)
Armour
 c - a +0 hat (worn)
 f - a +0 cloak (worn)
 m - a +0 leather armour (worn)
Jewellery
 k - a ring of positive energy (left hand)
Scrolls
 e - a scroll of fog {unknown}
 g - 2 scrolls of immolation {unknown}
Potions
 d - a potion of magic
 h - a potion of heal wounds {unknown}
 i - a potion of lignification {unknown}
 j - a potion of haste
 l - a potion of brilliance {unknown}


   Skills:
 - Level 1.0 Fighting
 - Level 1.0 Armour
 + Level 2.5 Dodging
 - Level 2.4 Stealth
 * Level 5.3 Spellcasting
 + Level 2.0 Conjurations
 - Level 1.1 Summonings
 - Level 1.1 Translocations
 + Level 0.0 Fire Magic


You had one spell level left.
You knew the following spells:

 Your Spells              Type           Power      Damage    Failure   Level
a - Magic Dart            Conj           52%        1d5       7%          1
b - Mephitic Cloud        Conj/Pois/Air  8%         N/A       36%         3
c - Call Imp              Summ           9%         N/A       16%         2
d - Blink                 Tloc           18%        N/A       16%         2
e - Conjure Flame         Conj/Fire      9%         6-21      32%         3

Your spell library contained the following spells:

 Spells                   Type           Power      Damage    Failure   Level
 Slow                     Hex            20%        N/A       16%         1


Dungeon Overview and Level Annotations

Branches:
Dungeon (2/15)

Altars:

Annotations:
D:2 Natasha, Sigmund


Message History

Casting: Magic Dart (safe; 7% risk of failure)
Confirm with . or Enter, or press ? or * to list all spells.
Aiming: Magic Dart (safe; 7% risk of failure)
Press: ? - help, Shift-Dir - straight line, f/p - Natasha
Aim: Natasha (heavily wounded, fast, 100% to hit)
The magic dart hits Natasha.
Natasha is severely wounded.
Natasha casts a spell at you.
You feel as though you will be slow longer.
Natasha mumbles some strange words.
Casting: Magic Dart (safe; 7% risk of failure)
Confirm with . or Enter, or press ? or * to list all spells.
Aiming: Magic Dart (safe; 7% risk of failure)
Press: ? - help, Shift-Dir - straight line, f/p - Natasha
Aim: Natasha (severely wounded, fast, 100% to hit)
The magic dart hits the endoplasm.
The endoplasm is severely wounded.
Casting: Magic Dart (safe; 7% risk of failure)
Confirm with . or Enter, or press ? or * to list all spells.
Aiming: Magic Dart (safe; 7% risk of failure)
Press: ? - help, Shift-Dir - straight line, f/p - Natasha
Aim: Natasha (severely wounded, fast, 100% to hit)
The magic dart hits the endoplasm.
The endoplasm is almost dead.
The endoplasm freezes you.
You are frozen.
Natasha claws you.
* * * LOW HITPOINT WARNING * * *
The endoplasm closely misses you.
The crimson imp hits you but does no damage.
Casting: Magic Dart (safe; 7% risk of failure)
Confirm with . or Enter, or press ? or * to list all spells.
Aiming: Magic Dart (safe; 7% risk of failure)
Press: ? - help, Shift-Dir - straight line, f - endoplasm, p - Natasha
Aim: an endoplasm (almost dead, 100% to hit)
The magic dart hits the endoplasm.
You kill the endoplasm!
Natasha claws you.
* * * LOW HITPOINT WARNING * * *
Natasha claws you!
You die...

+.......#####...
##.#...........(...
...+.....>...###.##
##.#.........# #)##
............###.#<
#.#...........#.#.
#####'#....#.##...#.#.
#..........'.##...#.#.
#...h@.....#.##...#...
#..g.5.....#.###..###.
#......##'#### #..# #.
#......##.# #..# ##
........##.# ##.#
...########'# ... ...
.. ... ###


You could see Natasha (fast), a crimson imp (summoned) and a goblin.

Vanquished Creatures
  Natasha (D:2)
  4 dart slugs
  2 endoplasms (D:2)
  A goblin (D:1)
  3 hobgoblins
  A quokka (D:2)
  2 bats (D:1)
  2 frilled lizards (D:1)
  5 kobolds (D:1)
  2 rats (D:1)
23 creatures vanquished.

Vanquished Creatures (collateral kills)
  A worm (D:2)
  A kobold (D:2)
2 creatures vanquished.

Grand Total: 25 creatures vanquished

Notes
Turn   | Place    | Note
-------+----------+-------------------------------------------
     0 | D:1      | pokeman the Deep Elf Hedge Wizard began the quest for the
                  | Orb.
     0 | D:1      | Reached XP level 1. HP: 10/10 MP: 7/7
   634 | D:1      | Reached XP level 2. HP: 12/16 MP: 1/9
  1454 | D:2      | Noticed Natasha
  1462 | D:2      | Killed Natasha
  1463 | D:2      | Reached skill level 5 in Spellcasting
  1463 | D:2      | Reached XP level 3. HP: 20/20 MP: 1/11
  1467 | D:2      | Learned a level 3 spell: Mephitic Cloud
  1470 | D:2      | Learned a level 2 spell: Call Imp
  1473 | D:2      | Learned a level 2 spell: Blink
  1477 | D:2      | Learned a level 3 spell: Conjure Flame
  1541 | D:2      | Noticed Sigmund
  1832 | D:2      | Reached skill level 1 in Armour
  1954 | D:2      | Reached skill level 1 in Fighting
  2170 | D:2      | Noticed Natasha
  2178 | D:2      | Slain by Natasha

Illustrated notes

Levels and vault maps discovered:
D:1:      amcnicky_arrival_choice, layout_basic
D:2:      layout_basic, hellmonk_ecumenical_altar_inner_sanctum,
          minmay_domino_2, uniq_crazy_yiuf_cottage, uniq_natasha, uniq_sigmund

Skill      XL: |  1  2  3 |
---------------+----------+-----
Spellcasting   | 5 |  5.3
Armour         | 1 |  1.0
Fighting       | 1 |  1.0
Conjurations   | 2 |  2.0
Dodging        | |  2.5
Stealth        | |  2.4
Summonings     | |  1.1
Translocations | |  1.1

Action                   || total
-------------------------++-------
Melee: Dagger            ||     3
 Cast: Magic Dart        ||    82
       Call Imp          ||     1
Armor: Robe              ||     1
       Leather armour    ||     2
Dodge: Dodged            ||     6

Table legend: (Time is in decaauts)
 A = Elapsed time spent in this place.
 B = Non-inter-level travel time spent in this place.
 C = Inter-level travel time spent in this place.
 D = Time resting spent in this place.
 E = Time spent auto-exploring this place.
 F = Levels seen in this place.
 G = Mean time per level.
                   A        B        C        D        E       F      G
               +--------+--------+--------+--------+--------+-----+--------+
         Total |   2179 |   2105 |     74 |    242 |   1635 |   2 | 1089.5 |
       Dungeon |   2179 |   2105 |     74 |    242 |   1635 |   2 | 1089.5 |
               +--------+--------+--------+--------+--------+-----+--------+

Top non-repeatable levels by time:
     D:1: 1656 daAuts
     D:2: 523 daAuts
